 Dungeon Crawl Stone Soup version 0.30-a0-374-g95c0257040 (webtiles) character file.

Game seed: 17787934367555620626

95 qeuew the Shield-Bearer (level 4, 0/33 (37) HPs)
             Began as a Formicid Fighter on Nov 26, 2022.
             Was an Initiate of Makhleb.
             Slain by a worm (8 damage)
             ... on level 3 of the Dungeon.
             The game lasted 00:03:39 (2020 turns).

qeuew the Shield-Bearer (Formicid Fighter)          Turns: 2020, Time: 00:03:40

HP:   0/33 (37)     AC:  7    Str: 21    XL:     4   Next: 95%
MP:   4/4           EV:  7    Int: 16    God:    Makhleb [......]
Gold: 101           SH: 14    Dex: 15    Spells: 3/3 levels left

rFire   . . .      SeeInvis +    a - +0 war axe
rCold   . . .      Faith    .    e - +1 tower shield of Tenacity {rElec Int+9}
rNeg    . . .      Spirit   .    b - +0 scale mail
rPois   .          Reflect  .    (helmet unavailable)
rElec   +          Harm     .    (no cloak)
rCorr   .          Rampage  .    (no gloves)
Will    .....                    (no boots)
Stlth   ..........               (no amulet)
HPRegen 0.25/turn                (no ring)
MPRegen 0.09/turn                (no ring)

@: heavily drained
A: permanent stasis, dig shafts and tunnels, antennae 3, four strong arms
a: Dig, Shaft Self, Renounce Religion


You were on level 3 of the Dungeon.
You worshipped Makhleb.
Makhleb was noncommittal.
You visited 1 branch of the dungeon, and saw 3 of its levels.

You collected 101 gold pieces.

Inventory:

Hand Weapons
 a - a +0 war axe (weapon)
Armour
 b - a +0 scale mail (worn)
 e - the +1 tower shield of Tenacity (worn) {rElec Int+9}
   (You acquired it on level 1 of the Dungeon)

   Int:       It affects your intelligence (+9).
   rElec:     It insulates you from electricity.
Jewellery
 f - an amulet of magic regeneration
Scrolls
 c - a scroll of poison {unknown}
 g - a scroll of amnesia
Potions
 d - a potion of might
 h - 2 potions of heal wounds
 i - a potion of ambrosia
 j - a potion of curing {unknown}


   Skills:
 * Level 4.1 Fighting
 + Level 2.5 Axes
 * Level 4.1 Armour
 + Level 1.0 Dodging
 + Level 4.4 Shields
 * Level 0.4 Invocations


You had 3 spell levels left.
You didn't know any spells.
Your spell library contained the following spells:

 Spells                   Type           Power      Damage    Failure   Level
 Kindle Blastsparks       Fire/Tloc/Air  0%         2d10      100%        3
 Fulminant Prism          Conj/Hex       0%         3d5       100%        4
 Iskenderun's Mystic Bla  Conj/Tloc      0%         2d3       100%        4
 Lee's Rapid Deconstruct  Erth           0%         3d4*      100%        5


Dungeon Overview and Level Annotations

Branches:
Dungeon (3/15)

Altars:
Makhleb


Innate Abilities, Weirdness & Mutations

You cannot be hasted, slowed, berserked, paralysed or teleported.
You can dig through walls and to a lower floor.
You have a pair of large antennae on your head. (SInv)
Your four strong arms can wield two-handed weapons with a shield.


Message History

Your unstable footing causes you to fumble your attack.
You feel very sick. The adder closely misses you.
You block the quokka's attack. The adder closely misses you.
The quokka bites you but does no damage.
Unknown command.
You hit the adder.
You kill the adder!
Makhleb accepts your kill.
You hit the quokka.
You feel sick.
The quokka splashes around in the water.
You block the quokka's attack.
Unknown command.
The quokka attacks as you move away! You block the quokka's attack.
You feel sick.
A quokka comes into view.
You feel sick. You block the quokka's attack.
Unknown command.
Unknown command.
Unknown command.
You closely miss the quokka.
The quokka is lightly wounded.
You feel sick.
You are no longer poisoned.
You block the quokka's attack.
Unknown command.
You closely miss the quokka.
The quokka is lightly wounded.
You barely miss the quokka. You block the quokka's attack. x2
The quokka bites you but does no damage.
The quokka barely misses you.
Unknown command.
You hit the quokka but do no damage.
The quokka is lightly wounded.
You slash the worm! You barely miss the quokka. You block the quokka's attack.
The quokka bites you.
* * * LOW HITPOINT WARNING * * *
The quokka bites you but does no damage. x2
The worm bites you!
You die...

{ ##.#####..# ~#
#........# ~# #.#..###.#
~####.##†###.##
~#.##.##......# {
.#.##.#######.## ~#.##.#
#...#..#
#~#######r#....#
#...#...
#~~~~~r@##..#####...#...
######w##......+#...#..>
##.#...#####...#...
##...#...######[..
#.....#.........#
#...#...####...##
######.## ##.... ##.##
#..## ##...#####..#


You could see a worm and 2 quokkas.

Vanquished Creatures
  Crazy Yiuf (D:2)
  3 adders
  2 worms (D:3)
  A dart slug (D:1)
  4 endoplasms
  A giant cockroach (D:1)
  2 goblins (D:2)
  2 hobgoblins (D:2)
  2 jackals (D:2)
  2 kobolds
  A quokka (D:3)
  2 ball pythons
  5 bats
  2 frilled lizards (D:2)
  3 rats
33 creatures vanquished.

Notes
Turn   | Place    | Note
-------+----------+-------------------------------------------
     0 | D:1      | qeuew the Formicid Fighter began the quest for the Orb.
     0 | D:1      | Reached XP level 1. HP: 18/18 MP: 1/1
   130 | D:1      | Found a faded altar of an unknown god.
   712 | D:1      | Reached XP level 2. HP: 24/24 MP: 2/2
   790 | D:1      | Identified a scroll of acquirement
   790 | D:1      | Acquired the +1 tower shield of Tenacity {rElec Int+9}
   875 | D:2      | Reached XP level 3. HP: 30/30 MP: 3/3
  1101 | D:2      | Found a runed translucent door.
  1102 | D:2      | Noticed Crazy Yiuf
  1408 | D:2      | Reached XP level 4. HP: 37/37 MP: 4/4
  1628 | D:2      | Killed Crazy Yiuf
  1629 | D:2      | Reached skill level 1 in Dodging
  1816 | D:3      | Found a burning altar of Makhleb.
  1907 | D:3      | Became a worshipper of Makhleb the Destroyer
  2020 | D:3      | Slain by a worm

Illustrated notes

Levels and vault maps discovered:
D:1:      lightli_arrival_quake, layout_basic,
          dreamdust_ecumenical_altar_statues, nrook_mini_backslash,
          minmay_misc_feat_columns, minmay_misc_feat_tower,
          dreamdust_princess_bridge
D:2:      layout_loops_cross, uniq_crazy_yiuf_cottage
D:3:      layout_loops_corners, mainiacjoe_overflow_paths, serial_aquarium,
          aquarium_bridge_long_separate [aquarium_subvault_balcony,
          aquarium_subvault_bridge, aquarium_subvault_bridge,
          aquarium_subvault_wall, aquarium_subvault_wall,
          aquarium_subvault_bridge], aquarium_bridge_square
          [aquarium_subvault_wall, aquarium_subvault_window,
          aquarium_subvault_bridge, aquarium_subvault_bridge],
          aquarium_window_fake, aquarium_window_corridor_3,
          aquarium_window_fake, aquarium_view_2e, aquarium_view_2c,
          aquarium_pool_2, gup_sewer_entry_spiral, hangedman_glass_teeth

Skill      XL: |  1  2  3  4 |
---------------+-------------+-----
Fighting       | 4 |  4.1
Armour         | 4 |  4.1
Dodging        | 1 |  1.0
Axes           | |  2.5
Shields        | |  4.4
Invocations    | |  0.4

Action                   |  1- 3 |  4- 6 || total
-------------------------+-------+-------++-------
Melee: War axe           |    78 |    47 ||   125
 Abil: Dig               |       |     2 ||     2
  Use: Scroll            |     5 |     2 ||     7
       Potion            |       |     1 ||     1
Armor: Scale mail        |    40 |    27 ||    67
Dodge: Dodged            |    24 |    12 ||    36
Block: Buckler           |     3 |       ||     3
       Tower shield      |    59 |    43 ||   102

Table legend: (Time is in decaauts)
 A = Elapsed time spent in this place.
 B = Non-inter-level travel time spent in this place.
 C = Inter-level travel time spent in this place.
 D = Time resting spent in this place.
 E = Time spent auto-exploring this place.
 F = Levels seen in this place.
 G = Mean time per level.
                   A        B        C        D        E       F      G
               +--------+--------+--------+--------+--------+-----+--------+
         Total |   2099 |   1982 |    117 |      0 |   1594 |   3 |  699.7 |
       Dungeon |   2099 |   1982 |    117 |      0 |   1594 |   3 |  699.7 |
               +--------+--------+--------+--------+--------+-----+--------+

Top non-repeatable levels by time:
     D:2: 910 daAuts
     D:1: 817 daAuts
     D:3: 371 daAuts
